 Dungeon Crawl Stone Soup version 0.22.0-49-gab54619 (webtiles) character file.

118139 Folque the Eclecticist (level 16, -20/104 HPs)
             Began as a Demonspawn Fire Elementalist on Sept 5, 2018.
             Was a High Priest of Sif Muna.
             Demolished by a peacekeeper (21 damage)
             ... in the Desolation of Salt.
             The game lasted 05:33:47 (28480 turns).

Folque the Eclecticist (DsFE)                      Turns: 28480, Time: 05:33:48

Health: -20/104    AC: 17    Str:  9    XL:     16   Next: 24%
Magic:  0/44       EV: 12    Int: 24    God:    Sif Muna [*****.]
Gold:   1186       SH:  0    Dex: 13    Spells: 2/45 levels left

rFire    . . .     SeeInvis .   K - staff of air
rCold    + . .     Gourm    .   (no shield)
rNeg     . . .     Faith    .   E - +4 troll leather armour
rPois    +         Spirit   +   g - +0 helmet
rElec    +         Reflect  .   M - +1 cloak
rCorr    +         Harm     .   T - +0 pair of gloves
MR       +....                  (boots unavailable)
Stlth    +.........             V - amulet of magic regeneration
HPRegen  0.67/turn              s - ring of magical power
MPRegen  0.83/turn              X - ring of poison resistance

@: liquefying, very slightly contaminated, studying Fighting, slowed movement,
drained, invisible, very slow
A: hooves 3, yellow scales 3, cold resistance 1, demonic guardian 1, magic
shield, magic regeneration, magic link
a: Divine Energy, Channel Magic, Forget Spell, Renounce Religion


You were in the Desolation of Salt.
You worshipped Sif Muna.
Sif Muna was extremely pleased with you.
You were not hungry.

You visited 6 branches of the dungeon, and saw 27 of its levels.
You also visited: Bailey, Volcano and Desolation.

You collected 2254 gold pieces.
You spent 1068 gold pieces at shops.

Inventory:

Hand Weapons
 n - the +5 spear of Omulutza {flame, rC++ Stlth-}
   (You found it on level 12 of the Dungeon)

   It has been specially enchanted to burn those struck by it, causing extra
   injury to most foes and up to half again as much damage against particularly
   susceptible opponents.
   It greatly protects you from cold.
   It makes you less stealthy.
 z - the +5 halberd "Acasywkeafa" {elec, rN+}
   (You found it on level 4 of the Dungeon)

   Occasionally, upon striking a foe, it will discharge some electrical energy
   and cause terrible harm.
   It protects you from negative energy.
Missiles
 l - a throwing net (quivered)
Armour
 g - a +0 helmet (worn)
 E - a +4 troll leather armour (worn)
 M - a +1 cloak (worn)
 T - a +0 pair of gloves (worn)
Magical Staves
 K - an uncursed staff of air (weapon)
Jewellery
 p - an uncursed ring of flight
 r - an uncursed ring of protection from magic
 s - a ring of magical power (left hand)
 u - a +4 amulet of reflection
 V - an amulet of magic regeneration (around neck)
 X - a ring of poison resistance (right hand)
 Y - an uncursed amulet of the acrobat
Wands
 a - a wand of acid (14)
 w - a wand of enslavement (16)
 C - a wand of paralysis (47)
 H - a wand of polymorph (47)
 Q - a wand of clouds (4)
 R - a wand of iceblast (10)
 W - a wand of scattershot (5)
Scrolls
 d - 2 scrolls of fear
 e - 6 scrolls of teleportation
 h - 5 scrolls of remove curse
 m - 4 scrolls of amnesia
 x - 3 scrolls of enchant armour
 y - 7 scrolls of fog
 G - 3 scrolls of identify
 J - a scroll of magic mapping
 O - a scroll of summoning
 S - a scroll of brand weapon {unknown}
Potions
 b - a potion of agility
 f - 6 potions of ambrosia
 i - 4 potions of lignification {unknown}
 k - 7 potions of haste
 o - 8 potions of curing
 q - a potion of heal wounds
 t - 4 potions of resistance
 A - 2 potions of invisibility
 B - 4 potions of magic
 D - 3 potions of brilliance
 F - a potion of flight
 L - a potion of berserk rage {unknown}
 N - 2 potions of cancellation
 U - 3 potions of might {unknown}
Books
 v - a manual of Fighting
Miscellaneous
 j - a crystal ball of energy
 Z - a lightning rod (4/4)
Comestibles
 c - 37 rations
 P - 3 chunks of flesh


   Skills:
 - Level 3.0(2.5) Fighting
 - Level 2.0(1.5) Polearms
 - Level 6.0(5.5) Armour
 - Level 3.0(2.5) Dodging
 - Level 1.7(1.3) Stealth
 * Level 15.3(14.6) Spellcasting
 - Level 14.0(13.3) Conjurations
 - Level 6.0(5.5) Hexes
 + Level 12.7(12.1) Summonings
 - Level 7.4(6.9) Fire Magic
 - Level 4.0(3.6) Air Magic
 - Level 3.0(2.5) Earth Magic
 - Level 1.7(1.2) Poison Magic
 - Level 7.0(6.5) Invocations
 - Level 3.0(2.6) Evocations


You had 2 spell levels left.
You knew the following spells:

 Your Spells              Type           Power        Failure   Level  Hunger
a - Flame Tongue          Conj/Fire      #####        1%          1    None
b - Conjure Flame         Conj/Fire      ######..     1%          3    None
c - Inner Flame           Hex/Fire       #####...     1%          3    None
d - Spellforged Servitor  Conj/Summ      ######....   19%         7    ######.
e - Fireball              Conj/Fire      ######....   1%          5    ##.....
f - Sticky Flame          Conj/Fire      ######..     1%          4    None
g - Lightning Bolt        Conj/Air       ######....   3%          5    ##.....
h - Passwall              Tmut/Erth      ###.....     3%          2    None
i - Slow                  Hex            #####...     1%          2    None
j - Mephitic Cloud        Conj/Pois/Air  ######..     1%          3    None
k - Airstrike             Air            ######....   10%         4    None
l - Leda's Liquefaction   Hex/Erth       #####.....   9%          4    None

Your spell library contained the following spells:

 Spells                   Type           Power        Failure   Level  Hunger
 Confusing Touch          Hex            #####.       1%          1    None
 Corona                   Hex            #####..      1%          1    None
 Sandblast                Erth           ####..       1%          1    None
 Shock                    Conj/Air       ####         1%          1    None
 Summon Small Mammal      Summ           ####         1%          1    None
 Throw Flame              Conj/Fire      ######       1%          2    None
 Poisonous Vapours        Pois/Air       #####.       2%          2    None
 Swiftness                Chrm/Air       #####...     3%          2    None
 Animate Skeleton         Necr           N/A          4%          1    None
 Apportation              Tloc           ###...       4%          1    None
 Infusion                 Chrm           ###.         4%          1    None
 Confuse                  Hex            #####...     1%          3    None
 Dazzling Spray           Conj/Hex       ######       1%          3    None
 Recall                   Summ/Tloc      N/A          1%          3    None
 Static Discharge         Conj/Air       ######..     1%          3    None
 Stone Arrow              Conj/Erth      ######       1%          3    None
 Summon Guardian Golem    Hex/Summ       ######..     1%          3    None
 Tukima's Dance           Hex            #####...     1%          3    None
 Fulminant Prism          Conj/Hex       ######....   1%          4    None
 Iskenderun's Mystic Bla  Conj           ######..     1%          4    None
 Portal Projectile        Hex/Tloc       ####..       4%          3    None
 Cause Fear               Hex            #####.....   4%          4    None
 Bolt of Magma            Conj/Fire/Erth ######....   5%          5    ##.....
 Venom Bolt               Conj/Pois      ######....   6%          5    ##.....
 Irradiate                Conj/Tmut      #####.....   8%          5    ##.....
 Iskenderun's Battlesphe  Conj/Chrm      #####...     8%          5    ##.....
 Orb of Destruction       Conj           ######....   16%         7    ######.
 Petrify                  Tmut/Erth      ###.....     26%         4    None
 Iron Shot                Conj/Erth      ######....   26%         6    ####...
 Metabolic Englaciation   Hex/Ice        ####......   36%         5    ##.....
 Yara's Violent Unravell  Hex/Tmut       ####......   36%         5    ##.....
 Lee's Rapid Deconstruct  Erth           ####......   38%         5    ##.....
 Bolt of Cold             Conj/Ice       #####.....   38%         6    ####...
 Animate Dead             Necr           N/A          41%         4    None
 Freezing Cloud           Conj/Ice/Air   ######....   54%         6    ####...
 Borgnjor's Vile Clutch   Necr/Erth      ###.......   56%         5    ##.....
 Invisibility             Hex            #####...     56%         6    ####...
 Death Channel            Necr           ###.......   100%        6    ####...
 Simulacrum               Ice/Necr       ###.......   100%        6    ####...
 Ring of Flames           Chrm/Fire      ####......   100%        7    ######.
 Death's Door             Chrm/Necr      ###.......   100%        8    #######
 Lehudib's Crystal Spear  Conj/Erth      ######....   100%        8    #######


Dungeon Overview and Level Annotations

Branches:
Dungeon (15/15)            Temple (1/1) D:4            Lair (6/6) D:9
 Shoals (0/4) Lair:3        Snake (0/4) Lair:3        Slime (0/5) Lair:6
    Orc (2/2) D:12            Elf (2/3) Orc:2        Vaults (0/5) D:13
 Depths (1/5) D:15

Altars:
Ashenzari
Cheibriados
Dithmenos
Elyvilon
Fedhas
Gozag
Hepliaklqana
Kikubaaqudgha
Makhleb
Nemelex Xobeh
Okawaru
Qazlal
Ru
Sif Muna
Trog
Uskayaw
Vehumet
Wu Jian
Xom
Yredelemnul
Zin
The Shining One
Jiyva
Lugonu

Shops:
D:3 *   D:7 *   D:10 *   D:11 [   D:13 (   D:15 [   Orc:2 *(??}   Elf:2 [

Annotations:
D:4 2 runed doors


Innate Abilities, Weirdness & Mutations

You have hooves in place of feet.
You are completely covered in yellow scales. (AC +4, rCorr)
Your flesh is cold resistant. (rC+)
A weak demonic guardian rushes to your aid.
When hurt, damage is shared between your health and your magic reserves.
You regenerate magic rapidly.
When low on magic, you restore magic in place of health.


Message History

The saltling closely misses you.
A saltling comes into view.
The guardian serpent casts a spell.
The ragged hierophant blinks! x2; The saltling blinks! x2
The ragged hierophant casts a spell at you.
A blast of power from the earth and the adjacent constructs strikes you!
* * * LOW HITPOINT WARNING * * *
The peacekeeper bites you!
* * * LOW HITPOINT WARNING * * *
The peacekeeper claws you but does no damage.
The saltling closely misses you.
You are very lightly contaminated with residual magic.
Aiming: Phantom Mirror
Press: ? - help, Dir - move target cursor, f/p - halazid warlock
Aim: a halazid warlock (almost destroyed)
You reflect the halazid warlock with the mirror, and the mirror shatters!
The saltling hits you.
* * * LOW HITPOINT WARNING * * *
The peacekeeper bites you!!
You die...

#.............##
#................
.##........p.......
....p..∩...........
....p..............
.....p.∩...........
...........89..8...
.......p889§.......
.......8@888.......
.......88p#.S.8....
........8.Lp...8..§
.........L.9§8.§§§.
..#...[...8.8§§§§§
...#.......88§§§§§
..........§§§§§§
.......#..§§§§§


You could see 5 ragged hierophants, 2 servants of whispers, a halazid warlock, 4
peacekeepers, a guardian serpent, 3 molten gargoyles, 14 saltlings and a
friendly halazid warlock.

Vanquished Creatures
  Kirke (D:12)
  An orc warlord (Orc:1)
  3 deep elf sorcerers (Elf:1)
  4 stone giants
  A deep elf demonologist (Elf:2)
  A merfolk impaler (Depths:1)
  Snorg (D:10)
  A ragged hierophant (Elf:1)
  2 ogre magi
  Harold (Lair:2)
  A servant of whispers (Desolation)
  A vault guard (D:13)
  A catoblepas (Lair:6)
  6 hydras
  4 centaur warriors
  A death knight (D:15)
  Erica (Orc:1)
  3 death yaks (Lair:6)
  15 two-headed ogres
  A deep troll shaman (Lair:6)
  A tengu warrior (D:15)
  5 dancing weapons
  Urug (D:11)
  4 deep elf knights
  Nergalle (Lair:3)
  An unseen horror (D:13)
  A phantasmal warrior (D:14)
  2 deep elf archers
  A wizard (Elf:1)
  Pikel (D:7)
  3 orc knights
  A lindwurm (Lair:6)
  2 orc sorcerers (Orc:1)
  4 ugly things
  2 manticores
  5 cyclopes
  29 deep elf magi
  A manticore (shapeshifter) (D:14)
  3 elephants (Lair:6)
  Maurice (D:10)
  4 centaur zombies
  A naga mage (D:15)
  4 black mambas
  Psyche (D:11)
  An ice statue (D:12)
  7 spiny frogs
  A rime drake (Lair:3)
  An efreet (D:13)
  5 komodo dragons
  A freezing wraith (D:15)
  A tengu conjurer (D:15)
  11 trolls
  2 polar bears
  A merfolk (shapeshifter) (D:15)
  Prince Ribbit (D:5)
  6 saltlings
  2 hornets
  A harpy skeleton (D:15)
  6 dream sheep (Lair:6)
  4 blink frogs (Lair:5)
  7 hippogriffs
  A spriggan (D:7)
  10 slime creatures
  4 water elementals
  2 wraiths (D:15)
  2 fire elementals
  4 wyverns
  4 hogs (D:12)
  3 hungry ghosts
  3 basilisks
  7 vampire mosquitoes
  36 yaks
  4 wargs
  A soldier ant (D:13)
  2 nagas (Lair:3)
  A water moccasin (shapeshifter) (Elf:1)
  An acid dragon (D:10)
  7 water moccasins
  Duvessa (D:7)
  8 porcupines
  47 orc warriors
  2 black bears
  5 ice beasts
  2 sky beasts
  2 eyes of draining
  2 necrophages (D:10)
  4 phantoms
  2 boggarts
  11 wolves
  27 centaurs
  16 ogres
  7 crocodiles
  17 bullfrogs
  4 big kobolds
  A wyvern zombie (D:13)
  2 earth elementals
  4 gnoll sergeants
  2 wyvern skeletons
  4 scorpions
  Dowan (D:7)
  A water moccasin skeleton (D:4)
  20 killer bees
  12 wights
  2 howler monkeys (D:12)
  3 crimson imps
  A bullfrog zombie (D:10)
  5 hounds
  3 jellies
  8 orc priests
  A bullfrog skeleton (D:9)
  2 centaur skeletons
  16 orc wizards
  5 iguanas
  11 worker ants
  A hound skeleton (D:6)
  8 gnolls
  12 adders
  4 shadow imps
  2 oozes
  An adder skeleton (D:7)
  3 worms
  3 dart slugs
  5 leopard geckos
  90 orcs
  5 giant cockroaches
  5 goblins
  7 hobgoblins
  3 jackals
  2 quokkas
  7 bats
  10 frilled lizards
  13 kobolds
  A quokka zombie (D:7)
  5 rats
  A bush (Lair:2)
  3 fungi
  4 plants
735 creatures vanquished.

Vanquished Creatures (collateral kills)
  A deep elf demonologist (Elf:2)
  Nessos (Lair:5)
  A two-headed ogre (D:9)
  An ogre mage (D:15)
  3 deep elf archers (Elf:1)
  2 deep elf magi
  A spiny frog (Lair:6)
  A komodo dragon (Lair:4)
  A slime creature (D:14)
  A dream sheep (Lair:6)
  A blink frog (Lair:5)
  3 hippogriffs
  6 yaks
  A fire elemental (Elf:1)
  4 orc warriors
  A necrophage (D:9)
  3 ogres
  2 centaurs
  4 wolves
  2 bullfrogs
  A scorpion (D:9)
  A killer bee (D:9)
  A howler monkey (D:12)
  A bullfrog skeleton (D:6)
  A worker ant (D:13)
  A shadow imp (D:6)
  5 orcs
  A kobold (D:9)
  2 quokkas
54 creatures vanquished.

Vanquished Creatures (others)
  A deep elf knight (Elf:2)
  4 slaves (D:7)
  An orc priest (D:7)
  A leopard gecko (D:7)
  3 orcs
  8 fungi
  19 plants
37 creatures vanquished.

Grand Total: 826 creatures vanquished

Notes
Turn   | Place    | Note
-------+----------+-------------------------------------------
     0 | D:1      | Folque the Demonspawn Fire Elementalist began the quest for
                  | the Orb.
     0 | D:1      | Reached XP level 1. HP: 13/13 MP: 3/3
   193 | D:1      | Gained mutation: When hurt, damage is shared between your
                  | health and your magic reserves. [demonic ancestry]
   193 | D:1      | Reached XP level 2. HP: 16/20 MP: 5/5
   268 | D:1      | Reached skill level 1 in Fighting
  1015 | D:2      | Reached XP level 3. HP: 26/26 MP: 2/6
  1274 | D:2      | Found a blossoming altar of Fedhas.
  1277 | D:2      | Found a stormy altar of Qazlal.
  1460 | D:2      | Found a white marble altar of Elyvilon.
  1603 | D:2      | Learned a level 3 spell: Conjure Flame
  1948 | D:2      | Gained mutation: You are partially covered in yellow
                  | scales. (AC +2) [demonic ancestry]
  1948 | D:2      | Reached XP level 4. HP: 33/33 MP: 6/8
  2027 | D:3      | Found a snail-covered altar of Cheibriados.
  2168 | D:2      | Learned a level 3 spell: Inner Flame
  2421 | D:3      | Reached skill level 3 in Spellcasting
  2421 | D:3      | Reached skill level 1 in Hexes
  2708 | D:3      | Found an opulent altar of Gozag.
  2711 | D:3      | Found Gozag's Platinum Reserve.
  2825 | D:3      | Gained mutation: A weak demonic guardian rushes to your
                  | aid. [demonic ancestry]
  2825 | D:3      | Reached XP level 5. HP: 37/38 MP: 1/10
  3150 | D:4      | Reached skill level 4 in Spellcasting
  3371 | D:4      | Found a large runed door.
  3373 | D:4      | Found a large runed door.
  3387 | D:4      | Found a large runed door.
  3387 | D:4      | Found a large runed door.
  3425 | D:4      | Got a translucent halberd
  3465 | D:4      | Gained mutation: You have large cloven feet. [demonic
                  | ancestry]
  3465 | D:4      | Reached XP level 6. HP: 44/44 MP: 5/12
  3468 | D:4      | Learned a level 1 spell: Summon Small Mammal
  3533 | D:4      | Found a staircase to the Ecumenical Temple.
  3545 | Temple   | Entered the Ecumenical Temple
  3953 | D:4      | Identified the +5 halberd "Acasywkeafa" {elec, rN+} (You
                  | found it on level 4 of the Dungeon)
  3958 | D:4      | Found a shattered altar of Ashenzari.
  4361 | D:4      | Found an iron altar of Okawaru.
  4731 | D:5      | Entered Level 5 of the Dungeon
  4844 | D:5      | Gained mutation: You regenerate magic rapidly. [demonic
                  | ancestry]
  4844 | D:5      | Reached XP level 7. HP: 50/50 MP: 8/13
  4871 | D:5      | Noticed Prince Ribbit
  4890 | D:5      | Killed Prince Ribbit
  4890 | D:5      | Reached skill level 5 in Conjurations
  5204 | D:6      | Found a bloodstained altar of Trog.
  5272 | D:6      | Found a shimmering altar of Xom.
  5294 | D:6      | Reached skill level 5 in Fire Magic
  5294 | D:6      | Reached XP level 8. HP: 35/56 MP: 1/14
  5648 | D:5      | Learned a level 5 spell: Fireball
  6235 | D:7      | Found Rachyff's Assorted Antiques.
  6268 | D:7      | Noticed Pikel
  6292 | D:7      | Killed Pikel
  6292 | D:7      | Reached skill level 5 in Spellcasting
  6292 | D:7      | Reached skill level 5 in Hexes
  6292 | D:7      | Gained mutation: When low on magic, you restore magic in
                  | place of health. [demonic ancestry]
  6292 | D:7      | Reached XP level 9. HP: 53/61 MP: 9/16
  6329 | D:7      | Found a hide-covered altar of Uskayaw.
  6435 | D:7      | Noticed Duvessa
  6435 | D:7      | Noticed Dowan
  6451 | D:7      | Killed Duvessa
  6451 | D:7      | Killed Dowan
  6600 | D:7      | Found a radiant altar of Vehumet.
  6611 | D:7      | Found an ancient bone altar of Kikubaaqudgha.
  6618 | D:7      | Identified Kikubaaqudgha's Collected Works on Stolen Souls
  6625 | D:7      | Found a deep blue altar of Sif Muna.
  6637 | D:7      | Became a worshipper of Sif Muna the Loreminder
  6847 | D:7      | Reached skill level 6 in Spellcasting
  7221 | D:8      | Found a shadowy altar of Dithmenos.
  7385 | D:8      | Noticed a two-headed ogre
  7406 | D:8      | Killed a two-headed ogre
  7406 | D:8      | Reached * piety under Sif Muna
  7406 | D:8      | Reached skill level 7 in Spellcasting
  7559 | D:8      | Gained mutation: You are mostly covered in yellow scales.
                  | (AC +3) [demonic ancestry]
  7559 | D:8      | Reached XP level 10. HP: 56/67 MP: 13/21
  7800 | D:8      | Reached skill level 1 in Summonings
  8117 | D:9      | Found an ornate altar of the Wu Jian Council.
  8415 | D:9      | Reached skill level 1 in Polearms
  8415 | D:9      | Reached skill level 8 in Spellcasting
  8559 | D:9      | Found a staircase to the Lair.
  8569 | D:9      | Found a glowing silver altar of Zin.
  8625 | D:9      | Reached ** piety under Sif Muna
  8710 | D:9      | Noticed a two-headed ogre
  8726 | D:9      | Killed a two-headed ogre
  9309 | D:10     | Entered Level 10 of the Dungeon
  9309 | D:10     | Noticed Snorg
  9410 | D:10     | Noticed Maurice
  9421 | D:10     | Killed Maurice
  9421 | D:10     | Reached skill level 9 in Spellcasting
  9981 | D:10     | HP: 3/67 [Snorg (6)]
  9987 | D:10     | Killed Snorg
  9987 | D:10     | Reached *** piety under Sif Muna
  9987 | D:10     | Reached skill level 10 in Spellcasting
  9987 | D:10     | Gained mutation: You have hoof-like feet. [demonic
                  | ancestry]
  9987 | D:10     | Reached XP level 11. HP: 3/72 MP: 6/25
 10368 | Lair:1   | Entered Level 1 of the Lair of Beasts
 10865 | Lair:1   | Noticed a six-headed hydra
 10881 | Lair:1   | Killed a six-headed hydra
 10901 | Lair:1   | Learned a level 4 spell: Sticky Flame
 11079 | Lair:1   | Reached skill level 11 in Spellcasting
 11859 | Lair:2   | Noticed Harold
 11872 | Lair:2   | Killed Harold
 11872 | Lair:2   | Reached skill level 5 in Invocations
 12023 | Lair:2   | Found a dark tunnel.
 12040 | Volcano  | Entered a volcano
 13078 | Lair:3   | Found a staircase to the Snake Pit.
 13136 | Lair:3   | Reached **** piety under Sif Muna
 13279 | Lair:3   | Noticed Nergalle
 13300 | Lair:3   | Killed Nergalle
 13300 | Lair:3   | Reached skill level 10 in Conjurations
 13434 | Lair:3   | Reached XP level 12. HP: 57/78 MP: 27/27
 13441 | Lair:3   | Found a staircase to the Shoals.
 14124 | Lair:4   | Noticed an eight-headed hydra
 14138 | Lair:4   | Killed an eight-headed hydra
 14284 | Lair:4   | Noticed a four-headed hydra
 14289 | Lair:4   | Killed a four-headed hydra
 14535 | Lair:4   | Noticed a five-headed hydra
 14578 | Lair:4   | Killed a five-headed hydra
 14578 | Lair:4   | Reached ***** piety under Sif Muna
 15096 | Lair:5   | Noticed Nessos
 15395 | Lair:5   | Killed Nessos
 15944 | Lair:5   | Identified Weumuon's Volume of Weightlessness and
                  | Bewitchment (Sif Muna gifted it to you on level 5 of the
                  | Lair of Beasts)
 15944 | Lair:5   | Received a gift from Sif Muna
 15952 | Lair:5   | Learned a level 5 spell: Lightning Bolt
 15955 | Lair:5   | Learned a level 2 spell: Passwall
 15958 | Lair:5   | Learned a level 2 spell: Slow
 15962 | Lair:5   | Learned a level 3 spell: Summon Guardian Golem
 16389 | Lair:6   | Entered Level 6 of the Lair of Beasts
 16422 | Lair:6   | Reached skill level 1 in Air Magic
 17069 | Lair:6   | Gained mutation: You are completely covered in yellow
                  | scales. (AC +4, rCorr) [demonic ancestry]
 17069 | Lair:6   | Reached XP level 13. HP: 74/83 MP: 1/28
 17619 | Lair:6   | Received a gift from Sif Muna
 17619 | Lair:6   | Reached skill level 12 in Spellcasting
 17639 | Lair:6   | Learned a level 4 spell: Airstrike
 18031 | Lair:6   | Found a viscous altar of Jiyva.
 18032 | Lair:6   | Found a staircase to the Slime Pits.
 18603 | D:10     | Found Zyema's Elemental Accessories.
 18781 | D:10     | Reached skill level 1 in Armour
 19121 | D:11     | Reached skill level 1 in Earth Magic
 19205 | D:11     | Reached skill level 1 in Evocations
 19408 | D:11     | Noticed Psyche
 19415 | D:11     | Killed Psyche
 19714 | D:11     | Noticed Urug
 19732 | D:11     | Killed Urug
 19953 | D:11     | Found Lareilul's Antique Armour Shoppe.
 20499 | D:12     | Found a flagged portal.
 20510 | Bailey   | Entered a bailey
 20658 | Bailey   | Found a roughly hewn altar of Beogh.
 21119 | D:12     | Reached skill level 5 in Armour
 21280 | D:12     | Identified Xyjoik's Collected Works on Conjuration (Sif
                  | Muna gifted it to you on level 12 of the Dungeon)
 21280 | D:12     | Received a gift from Sif Muna
 21294 | D:12     | Noticed Kirke
 21302 | D:12     | Killed Kirke
 21302 | D:12     | Gained mutation: Your flesh is cold resistant. (rC+)
                  | [demonic ancestry]
 21302 | D:12     | Reached XP level 14. HP: 89/91 MP: 12/30
 21444 | D:12     | Learned a level 4 spell: Leda's Liquefaction
 21468 | D:12     | Found a staircase to the Orcish Mines.
 21763 | D:12     | Got a bone spear
 21765 | D:12     | Identified the +5 spear of Omulutza {flame, rC++ Stlth-}
                  | (You found it on level 12 of the Dungeon)
 22184 | D:13     | Reached skill level 13 in Spellcasting
 22281 | D:13     | Found a gate to the Vaults.
 22371 | D:13     | Found Uklissi's Weapon Shoppe.
 23546 | D:14     | Identified Sif Muna's Almanac of the Enchanting Volcanoes
                  | (Sif Muna gifted it to you on level 14 of the Dungeon)
 23546 | D:14     | Received a gift from Sif Muna
 23699 | D:14     | Found a white marble altar of Elyvilon.
 24075 | D:15     | Entered Level 15 of the Dungeon
 24119 | D:15     | Reached skill level 14 in Spellcasting
 24529 | D:15     | Reached skill level 15 in Spellcasting
 24624 | D:15     | Learned a level 7 spell: Spellforged Servitor
 24628 | D:15     | Learned a level 3 spell: Mephitic Cloud
 24768 | D:15     | Found a staircase to the Depths.
 24820 | D:15     | Gained mutation: You have hooves in place of feet. [demonic
                  | ancestry]
 24820 | D:15     | Reached XP level 15. HP: 98/98 MP: 34/34
 24849 | D:15     | Received a gift from Sif Muna
 24849 | D:15     | Reached skill level 1 in Poison Magic
 24981 | D:15     | Found Qofidgh's Antique Armour Shop.
 24990 | D:15     | Bought a slimy leather armour for 196 gold pieces
 25002 | D:15     | Identified the +1 leather armour of the Blizzard {rPois
                  | rN+} (You bought it in a shop on level 15 of the Dungeon)
 25002 | D:15     | Bought a smelly leather armour for 196 gold pieces
 25014 | D:15     | Identified the cursed +1 leather armour "Lyokar" {+Inv
                  | rCorr} (You bought it in a shop on level 15 of the Dungeon)
 25454 | Depths:1 | Entered Level 1 of the Depths
 25472 | Depths:1 | Reached skill level 5 in Summonings
 25492 | Depths:1 | Paralysed by a floating eye for 2 turns
 25586 | Orc:1    | Entered Level 1 of the Orcish Mines
 25639 | Orc:1    | Noticed Erica
 25651 | Orc:1    | Killed Erica
 25725 | Orc:1    | Noticed an orc warlord
 25733 | Orc:1    | Killed an orc warlord
 26071 | Orc:2    | Entered Level 2 of the Orcish Mines
 26071 | Orc:2    | Found a staircase to the Elven Halls.
 26564 | Orc:2    | Found Dydiofetz's Assorted Antiques.
 26670 | Orc:2    | Found Tiumor's Magic Scroll Emporium.
 26670 | Orc:2    | Found Oteugh's Magic Scroll Shop.
 26672 | Orc:2    | Found Ponn's Gadget Boutique.
 26674 | Orc:2    | Found Ynumed's Antique Weapon Shoppe.
 26687 | Orc:2    | Bought a scroll of acquirement for 676 gold pieces
 26836 | Elf:1    | Entered Level 1 of the Elven Halls
 26902 | Elf:1    | Identified Sif Muna's Collected Works on Talismans and
                  | Beguiling (Sif Muna gifted it to you on level 1 of the
                  | Elven Halls)
 26902 | Elf:1    | Received a gift from Sif Muna
 26960 | Elf:1    | Reached skill level 10 in Summonings
 27380 | Elf:1    | Noticed a deep elf sorcerer
 27384 | Elf:1    | Noticed a deep elf sorcerer
 27387 | Elf:1    | Killed a deep elf sorcerer
 27393 | Elf:1    | Killed a deep elf sorcerer
 27853 | Elf:1    | Noticed a deep elf sorcerer
 27857 | Elf:1    | Killed a deep elf sorcerer
 27857 | Elf:1    | Reached XP level 16. HP: 104/104 MP: 32/35
 28258 | Elf:2    | Identified Sif Muna's Incunabulum of Conjuration (Sif Muna
                  | gifted it to you on level 2 of the Elven Halls)
 28258 | Elf:2    | Received a gift from Sif Muna
 28361 | Elf:2    | Found Depron's Antique Armour Shop.
 28406 | Elf:2    | Found a ruined gateway.
 28452 | Desolati | Entered the Desolation of Salt
 28479 | Desolati | HP: 2/104 [peacekeeper (10)]
 28480 | Desolati | Demolished by a peacekeeper

Skill      XL: |  1  2  3  4  5  6  7  8  9 10 11 12 13 14 15 16 |
---------------+-------------------------------------------------+-----
Fighting       | 1 2 3 |  3.0
Conjurations   | 2 4 6 7 8 10 13 14 | 14.0
Fire Magic     | 3 4 5 6 7 |  7.4
Spellcasting   | 3 4 5 7 10 11 12 15 | 15.3
Hexes          | 1 5 6 |  6.0
Summonings     | 1 11 12 | 12.7
Polearms       | 2 |  2.0
Dodging        | 2 3 |  3.0
Invocations    | 7 |  7.0
Air Magic      | 2 4 |  4.0
Armour         | 5 6 |  6.0
Earth Magic    | 3 |  3.0
Evocations     | 3 |  3.0
Poison Magic   | 1 |  1.7
Stealth        | |  1.7

Action                   |  1- 3 |  4- 6 |  7- 9 | 10-12 | 13-15 | 16-18 || total
-------------------------+-------+-------+-------+-------+-------+-------++-------
Melee: Whip              |    14 |       |       |       |       |       ||    14
       Unarmed           |     6 |       |       |       |       |       ||     6
       Dagger            |    31 |    59 |       |       |       |       ||    90
       Halberd           |       |    20 |    83 |   209 |    83 |       ||   395
       Spear             |       |       |       |       |    37 |     4 ||    41
       Staff             |       |       |       |       |     8 |       ||     8
       Kick              |       |       |       |       |       |     1 ||     1
Throw: Throwing net      |       |       |       |     2 |     2 |       ||     4
 Cast: Flame Tongue      |    59 |   105 |   114 |   192 |   341 |    15 ||   826
       Conjure Flame     |       |     7 |    12 |    58 |    52 |     1 ||   130
       Inner Flame       |       |     4 |    12 |    24 |    74 |     3 ||   117
       Summon Small Mamm |       |     1 |     2 |    19 |     3 |       ||    25
       Fireball          |       |       |     4 |    55 |   112 |    24 ||   195
       Sticky Flame      |       |       |       |    32 |    25 |       ||    57
       Lightning Bolt    |       |       |       |    11 |   208 |    26 ||   245
       Slow              |       |       |       |     9 |    41 |       ||    50
       Airstrike         |       |       |       |       |    94 |    25 ||   119
       Passwall          |       |       |       |       |     2 |       ||     2
       Leda's Liquefacti |       |       |       |       |     3 |     1 ||     4
       Mephitic Cloud    |       |       |       |       |    18 |     3 ||    21
       Spellforged Servi |       |       |       |       |     4 |     1 ||     5
Invok: Channel Magic     |       |       |       |     1 |    10 |     1 ||    12
Evoke: Wand              |       |       |     2 |     2 |     1 |       ||     5
       Phantom mirror    |       |       |       |       |       |     1 ||     1
  Use: Scroll            |     3 |     6 |     2 |    11 |    29 |       ||    51
       Potion            |       |       |       |     5 |     6 |     1 ||    12
 Stab: Sleeping          |     4 |     4 |     6 |     1 |       |       ||    15
       Distracted        |       |       |       |     2 |       |       ||     2
  Eat: Chunk             |     3 |     8 |    11 |    30 |    60 |     1 ||   113
       Ration            |       |     1 |       |     3 |     2 |     1 ||     7
Armor: Robe              |    14 |    26 |    16 |   102 |    78 |       ||   236
       Troll leather arm |       |       |       |       |   113 |    19 ||   132
       Leather armour    |       |       |       |       |     1 |       ||     1
Dodge: Dodged            |    44 |    97 |    62 |   256 |   264 |    14 ||   737
